 Dungeon Crawl Stone Soup version 0.30-a0-953-g5f1da4a474 (webtiles) character file.

Game seed: 2683130731628856094

11 Jackthecabe the Sneak (level 2, -1/25 HPs)
             Began as a Demigod Delver on Mar 28, 2023.
             Slain by Pargi (3 damage)
             ... in a sewer.
             The game lasted 00:02:24 (350 turns).

Jackthecabe the Sneak (Demigod Delver)               Turns: 350, Time: 00:02:25

Health: -1/25      AC:  3    Str: 13    XL:     2   Next: 3%
Magic:  4/4        EV: 11    Int: 12    God:
Gold:   39         SH:  0    Dex: 15    Spells: 1/1 levels left

rFire   + . .      SeeInvis .    a - +0 falchion
rCold   + . .      Faith    .    (no shield)
rNeg    . . .      Spirit   .    b - +0 leather armour
rPois   +          Reflect  .    (no helmet)
rElec   +          Rampage  .    (no cloak)
rCorr   +                        (no gloves)
Will    .....                    (no boots)
Stlth   +++                      (no amulet)
HPRegen 0.24/turn                (no ring)
MPRegen 0.09/turn                (no ring)

@: resistant, hasted, very quick
A: high MP 1, forlorn, divine attributes
a: no special abilities


You were in a sewer.
You visited 1 branch of the dungeon, and saw 1 of its levels.
You also visited: Sewer.

You collected 39 gold pieces.


Innate Abilities, Weirdness & Mutations

You have an increased reservoir of magic. (+10% MP)
You shall have no god before yourself.
Your divine heritage dramatically boosts your attributes as you level up.


   Skills:
 - Level 2.6 Fighting
 + Level 2.6 Long Blades
 - Level 1.7 Dodging
 - Level 4.5 Stealth


You had one spell level left.
You didn't know any spells.
Your spell library was empty.

Inventory:

Hand Weapons
 a - a +0 falchion (weapon)
 i - a +0 lajatang
Armour
 b - a +0 leather armour (worn)
Wands
 g - a wand of digging (3)
Scrolls
 c - 2 scrolls of fog
 e - a scroll of fear
 h - a scroll of teleportation {unknown}

Dungeon Overview and Level Annotations

Branches:
Dungeon (5/15)              Sewer (1/1)
 Temple: D:4-7

Annotations:
Sewer Pargi

▒▒▒▒▒▒▒▒▒▒▒▒▒▒▒▒▒▒▒▒▒
▒.▒▒.▒▒.▒▒∩▒▒.▒▒.▒▒.▒
▒.▒▒.▒▒.▒▒.▒▒.▒▒.▒▒.▒
▒'▒▒'▒▒'▒▒.▒▒'▒▒'▒▒'▒
▒▒▒▒▒▒▒...................▒▒▒▒▒▒▒
~~~~~~▒~~~~~~~~~.~~~~~~~~~▒~~~~~~
≈≈≈≈≈≈▒≈≈≈≈≈≈≈≈≈@≈≈≈≈≈≈≈≈≈▒≈≈≈≈≈≈
~~~~~~▒~~~~~~~~~.T~~~~~~~~▒~~~~~~
▒▒▒▒▒▒▒...................▒▒▒▒▒▒▒
▒'▒▒'▒▒'▒▒'▒▒'▒▒'▒▒'▒
▒)▒▒.▒▒.▒▒)▒▒.▒▒)▒▒.▒
▒.▒▒.▒▒.▒▒.▒▒.▒▒.▒▒.▒
▒▒▒▒▒▒▒▒▒▒▒▒▒▒▒▒▒▒▒▒▒


You could see Pargi.


Message History

The helpless Pargi fails to defend himself.
You hit Pargi.
Pargi is lightly wounded.
Pargi bites you but does no damage. Pargi claws you. x2
You barely miss Pargi.
Pargi is lightly wounded.
Pargi bites you. Pargi closely misses you. Pargi claws you.
You hit Pargi but do no damage.
Pargi is lightly wounded.
Pargi bites you.
* * * LOW HITPOINT WARNING * * *
Pargi claws you.
* * * LOW HITPOINT WARNING * * *
Pargi barely misses you.
You enter the shallow water.
Moving in this stuff is going to be slow.
Pargi bites you!
* * * LOW HITPOINT WARNING * * *
Pargi closely misses you. Pargi claws you.
* * * LOW HITPOINT WARNING * * *
There is an empty arch of ancient stone here.
Unknown command.
You feel yourself speed up. Pargi barely misses you.
Pargi claws you but does no damage. Pargi barely misses you.
It was a potion of resistance.
You feel protected.
It was a potion of curing.
You feel better. Pargi bites you!
* * * LOW HITPOINT WARNING * * *
Pargi closely misses you. Pargi claws you.
You die...

Skill      XL: |  1 |
---------------+----+-----
Long Blades    | 2 |  2.6
Fighting       | |  2.6
Dodging        | |  1.7
Stealth        | |  4.5

Action                     || total
---------------------------++-------
  Melee: Falchion          ||    32
    Use: Scroll            ||     1
         Potion            ||     3
   Stab: Sleeping          ||     3
 Armour: Leather armour    ||    10
  Dodge: Dodged            ||    19

Levels and vault maps discovered:
D:5:      layout_basic, portal_sewer_entry_f, minivault_23
Sewer:    kennysheep_door_sewer

Notes
Turn   | Place    | Note
-------+----------+-------------------------------------------
     0 | D:5      | Jackthecabe the Demigod Delver began the quest for the Orb.
     0 | D:5      | Reached XP level 1. HP: 18/18 MP: 3/3
    77 | D:5      | Found a glowing drain.
    91 | D:5      | Reached skill level 2 in Long Blades
   151 | Sewer    | Entered a sewer
   159 | Sewer    | Noticed Pargi
   243 | Sewer    | Reached XP level 2. HP: 25/25 MP: 4/4
   347 | Sewer    | HP: 1/25 [Pargi (3)]
   349 | Sewer    | Identified a potion of resistance
   350 | Sewer    | Slain by Pargi

Vanquished Creatures
  3 giant cockroaches (D:5)
  2 quokkas (D:5)
  A bat (Sewer)
  A frilled lizard (Sewer)
  3 kobolds (Sewer)
10 creatures vanquished.

Table legend: (Time is in decaauts)
 A = Elapsed time spent in this place.
 B = Non-inter-level travel time spent in this place.
 C = Inter-level travel time spent in this place.
 D = Time resting spent in this place.
 E = Time spent auto-exploring this place.
 F = Levels seen in this place.
 G = Mean time per level.
                   A        B        C        D        E       F      G
               +--------+--------+--------+--------+--------+-----+--------+
         Total |    368 |    368 |      0 |     57 |      0 |   2 |  184.0 |
       Dungeon |    162 |    162 |      0 |     22 |      0 |   1 |  162.0 |
         Sewer |    206 |    206 |      0 |     35 |      0 |   1 |  206.0 |
               +--------+--------+--------+--------+--------+-----+--------+

Top non-repeatable levels by time:
   Sewer: 206 daAuts
     D:5: 162 daAuts

Table legend:
 A = Non-vault XP
 B = Vault XP
 C = Vault XP percentage of total XP
 D = Non-vault monster count
 E = Vault monster count
 F = Vault count percentage of total count
                 A         B        C        D         E       F
            +---------+---------+-------+---------+---------+-------
      Total |       0 |      16 | 100.0 |       0 |      10 | 100.0
            +---------+---------+-------+---------+---------+-------
        D:5 |       0 |      10 | 100.0 |       0 |       5 | 100.0
      Sewer |       0 |       6 | 100.0 |       0 |       5 | 100.0
            +---------+---------+-------+---------+---------+-------
